 Dungeon Crawl Stone Soup version 0.24.0-125-gc4c63601f3 (webtiles) character file.

Game seed: 15918022816511628101, levelgen mode: deterministic

112 Lemonice the Sneak (level 4, 0/27 HPs)
             Began as an Octopode Earth Elementalist on Feb 23, 2020.
             Slain by a quokka (5 damage)
             ... summoned by Eustachio
             ... on level 4 of the Dungeon.
             The game lasted 00:07:20 (3157 turns).

Lemonice the Sneak (Octopode Earth Elementalist)    Turns: 3157, Time: 00:07:24

Health: 0/27       AC:  1    Str:  7      XL:     4   Next: 93%
Magic:  2/8        EV: 13    Int: 18      God:
Gold:   75         SH:  0    Dex:  7 (12) Spells: 8/9 levels left

rFire    + . .     SeeInvis .   d - +0 dagger
rCold    + . .     Gourm    .   (no shield)
rNeg     . . .     Faith    .   (helmet restricted)
rPois    +         Spirit   .   (no amulet)
rElec    +         Reflect  .   f - ring of stealth
rCorr    +         Harm     .   (no ring)
MR       .....                  (no ring)
Stlth    ++++......             (no ring)
HPRegen  0.09/turn              (no ring)
MPRegen  0.11/turn              (no ring)
                                (no ring)
                                (no ring)

@: resistant
A: almost no armour, stealthy swim, amphibious, 8 rings, constrict 8, camouflage
1, gelatinous body 1
a: no special abilities


You were on level 4 of the Dungeon.
You were not hungry.

You visited 1 branch of the dungeon, and saw 4 of its levels.

You collected 75 gold pieces.

Inventory:

Hand Weapons
 d - a +0 dagger (weapon)
Missiles
 b - 41 stones (quivered)
Jewellery
 f - a ring of stealth (left tentacle)
Scrolls
 a - 2 scrolls of teleportation {unknown}
 g - 4 scrolls of fog {unknown}
 h - a scroll of enchant armour {unknown}
 i - a scroll of blinking {unknown}
 k - 2 scrolls of identify {unknown}
 l - a scroll of remove curse {unknown}
 m - a scroll of immolation {unknown}
 n - a scroll of magic mapping {unknown}
Potions
 e - a potion of cancellation
 j - a potion of resistance
Comestibles
 c - 2 rations


   Skills:
 - Level 2.0 Dodging
 + Level 4.6 Stealth
 + Level 3.0 Spellcasting
   Level 1.0 Transmutations
 + Level 4.0 Earth Magic


You had 8 spell levels left.
You knew the following spells:

 Your Spells              Type           Power        Failure   Level  Hunger
a - Sandblast             Erth           ###...       3%          1    None

Your spell library contained the following spells:

 Spells                   Type           Power        Failure   Level  Hunger
 Passwall                 Tmut/Erth      ##......     9%          2    ##.....
 Stone Arrow              Conj/Erth      #.....       22%         3    ###....
 Petrify                  Tmut/Erth      ##......     50%         4    ####...
 Lee's Rapid Deconstruct  Erth           ###.......   65%         5    ######.


Dungeon Overview and Level Annotations

Branches:
Dungeon (4/15)
 Temple: D:4-7

Altars:
Cheibriados
Kikubaaqudgha

Shops:
D:4 }=

Annotations:
D:4 Eustachio, Grinder


Innate Abilities, Weirdness & Mutations

You cannot wear most types of armour.
You are very stealthy in the water. (Stealth+)
You are amphibious.
You can wear up to eight rings at the same time.
You can use your tentacles to constrict eight enemies at once.
Your skin changes colour to match your surroundings (Stealth+).
Your rubbery body absorbs attacks. (AC +1, EV +1)


Message History

The rat is moderately wounded.
The rat bites you.
* * * LOW HITPOINT WARNING * * *
You hit the rat. Your grab misses the rat. Your squeeze misses the rat.
The rat is severely wounded.
The rat bites you.
* * * LOW HITPOINT WARNING * * *
It was a potion of cancellation.
You feel magically purged. The rat barely misses you.
It was a potion of resistance.
You feel protected. The rat misses you.
You closely miss the rat. You grab the rat.
The rat is severely wounded.
You constrict the rat.
You kill the rat!
The rat's corpse disappears in a puff of smoke!
Eustachio casts a spell.
The quokka bites you.
You die...

...#.....#
#.##.###################
#.........♣...r.........
#>.........5@b...5#
####.####♣∩♣#####.#
#.....§.## #b##
#####..♣b# #..#
#.##.######.##
#5##.#..@r)5.# #
#.#..#.###@#.#
....###.##.# #.#...
#........# #.##..#
#..###.#####.# ..#
#........l.#.# ..#
....###.###.#.# ...# ###
#.# #(#.. ..# #@#
#)####.>.#


You could see Eustachio, an ufetubus and a quokka.

Vanquished Creatures
  2 adders (D:3)
  An ooze (D:1)
  An adder skeleton (D:4)
  A worm (D:2)
  3 dart slugs
  5 leopard geckos
  9 orcs
  7 giant cockroaches
  7 goblins
  3 hobgoblins
  2 jackals (D:2)
  A quokka (D:3)
  A ball python (D:4)
  3 bats
  6 frilled lizards
  5 kobolds
  8 rats
65 creatures vanquished.

Vanquished Creatures (others)
  A kobold (D:2)
1 creature vanquished.

Grand Total: 66 creatures vanquished

Notes
Turn   | Place    | Note
-------+----------+-------------------------------------------
     0 | D:1      | Lemonice the Octopode Earth Elementalist began the quest
                  | for the Orb.
     0 | D:1      | Reached XP level 1. HP: 11/11 MP: 3/3
   201 | D:1      | Reached XP level 2. HP: 17/17 MP: 3/5
   523 | D:1      | Reached XP level 3. HP: 18/21 MP: 4/6
  1057 | D:2      | Found a snail-covered altar of Cheibriados.
  1821 | D:3      | Reached XP level 4. HP: 25/27 MP: 5/8
  1861 | D:3      | Found an ancient bone altar of Kikubaaqudgha.
  2783 | D:4      | Found Kaimed's Gadget Shop.
  2804 | D:4      | Found Beocs's Jewellery Boutique.
  2836 | D:4      | Noticed Grinder
  3100 | D:4      | Noticed Eustachio
  3157 | D:4      | Slain by a quokka

Levels and vault maps discovered:
D:1:      elethiomel_arrival_quiet, layout_loops_ring, minmay_splitting_lines
D:2:      layout_loops_corners, kennysheep_slug_shrine, lemuel_flame_loot_1
D:3:      layout_basic, nicolae_overflow_crystal_walls
D:4:      layout_basic, lemuel_crystal_altar, minmay_temple_entry_poolview,
          first_ration, serial_shops, nicolae_shop_trees,
          nicolae_shop_competitors_out_of_business, nicolae_shop_behind_doors,
          kennysheep_crisscross, hangedman_decor_lopped, uniq_grinder,
          uniq_eustachio, uniq_crazy_yiuf_cottage, uniq_pikel

Skill      XL: |  1  2  3  4 |
---------------+-------------+-----
Stealth        | 3 4 |  4.6
Spellcasting   | 3 |  3.0
Earth Magic    | 4 |  4.0
Dodging        | |  2.0
Transmutations | |  1.0

Action                   |  1- 3 |  4- 6 || total
-------------------------+-------+-------++-------
Melee: Unarmed           |    29 |       ||    29
       Constrict         |    12 |    11 ||    23
       Tentacles         |     4 |     9 ||    13
       Dagger            |    21 |    48 ||    69
 Cast: Sandblast         |    18 |    40 ||    58
  Use: Potion            |       |     2 ||     2
 Stab: Sleeping          |    13 |     7 ||    20
  Eat: Chunk             |     3 |     4 ||     7
Armor: Skin              |    11 |    11 ||    22
Dodge: Dodged            |    31 |    50 ||    81
